 Dungeon Crawl Stone Soup version 0.31-a0-229-g1fc7ce93e2 (webtiles) character file.

Game seed: 10365778895682330971

23 qw the Shooter (level 2, -1/25 HPs)
             Began as a Minotaur Hexslinger on July 6, 2023.
             Succumbed to an adder's poison
             ... on level 1 of the Dungeon.
             The game lasted 00:00:11 (612 turns).

qw the Shooter (Minotaur Hexslinger)                 Turns: 612, Time: 00:00:12

Health: -1/25      AC:  3    Str: 12    XL:     2   Next: 72%
Magic:  2/2        EV: 11    Int: 10    God:
Gold:   66         SH:  0    Dex: 12    Spells: 2/3 levels left

rFire   . . .        Y - +1 sling
rCold   . . .        (no shield)
rNeg    . . .        e - +0 leather armour
rPois   .            (helmet restricted)
rElec   .            (no cloak)
rCorr   .            (no gloves)
SInv    .            (no boots)
Will    .....        (no amulet)
Stlth   +            (no ring)
HPRegen 0.24/turn    (no ring)
MPRegen 0.08/turn

%: no passive effects
@: lethally poisoned (-1 -> -6)
A: horns 2, retaliatory headbutt
a: no special abilities


You were on level 1 of the Dungeon.
You visited 1 branch of the dungeon, and saw 2 of its levels.

You collected 66 gold pieces.


Innate Abilities, Weirdness & Mutations

You have a pair of horns on your head.
You reflexively headbutt those who attack you in melee.


   Skills:
 - Level 2.5 Fighting
 + Level 3.0 Ranged Weapons
 - Level 2.1 Dodging
 - Level 1.0 Spellcasting
 - Level 2.0 Hexes


You had 2 spell levels left.
You knew the following spells:

 Your Spells              Type           Power      Damage    Failure   Level
a - Slow                  Hex            16%        N/A       19%         1

Your spell library contained the following spells:

 Spells                   Type           Power      Damage    Failure   Level
 Inner Flame              Hex/Fire       2%         N/A       65%         3
 Portal Projectile        Hex/Tloc       4%         N/A       65%         3
 Cause Fear               Hex            2%         N/A       88%         4

Inventory:

Hand Weapons
 Y - a +1 sling (weapon)
Armour
 e - a +0 leather armour (worn)
Scrolls
 a - a scroll of identify
Potions
 d - a potion of curing {unknown}

Dungeon Overview and Level Annotations

Branches:
Dungeon (2/15)

Altars:

Shops:
D:1 (


Message History

The adder is moderately wounded.
The adder barely misses you. The adder bites you.
You are poisoned.
The adder poisons you!
606 ||| STAIRDANCE You feel sick.
The adder bites you. x2
You are more poisoned.
The adder poisons you! The adder bites you.
You climb upwards.
You feel very sick.
There is a stone staircase leading down here.
Enter note:
Enter note:
Enter note:
Enter note: You shoot a sling bullet.
The sling bullet closely misses the adder.
You feel very sick.
The adder closely misses you. x2; The adder misses you.
You furiously retaliate!
You headbutt the adder. You shoot a sling bullet.
The sling bullet closely misses the adder.
You feel sick.
The adder closely misses you. x2; The adder barely misses you.
You furiously retaliate!
You headbutt the adder. The adder bites you.
You are lethally poisoned!
The adder poisons you!
You shoot a sling bullet. The sling bullet hits the adder.
The adder is almost dead.
You feel very sick. The adder bites you but does no damage.
The adder barely misses you. You furiously retaliate!
You headbutt the adder!
You kill the adder!
The adder completely misses you.
Your Fighting skill increases to level 2!
You shoot a sling bullet.
The sling bullet barely misses the adder.
You feel sick. The adder barely misses you.
You shoot a sling bullet. The sling bullet hits the adder.
The adder is almost dead.
You die...

[.##..#.##......#########......#.
.....##................##........
..#######.......######...........
..# #.......# ######......#.. ..#
#.......###.......#..#### ..#
#..........>#####.##..### ..#
#...........[...#.###..## ..#
#..)...S#######.......%## ###
##......@.######.####....
##...#.......#..# #####
###.........#.## # #.##......#.#
#############.##........#
..............##......###
.###############......# ##
#......# #......#


You could see an adder.

Vanquished Creatures
  An adder (D:1)
  3 endoplasms (D:1)
  2 goblins (D:1)
  A hobgoblin (D:2)
  A quokka (D:1)
  A ball python (D:1)
  A bat (D:1)
  A frilled lizard (D:2)
  2 kobolds (D:1)
  A rat (D:1)
14 creatures vanquished.

Notes
Turn   | Place    | Note
-------+----------+-------------------------------------------
     0 | D:1      | qw the Minotaur Hexslinger began the quest for the Orb.
     0 | D:1      | Reached XP level 1. HP: 16/16 MP: 1/1
     0 | D:1      | 0 ||| qw: Version: 0.3-a-46-gb1f654a
     0 | D:1      | 0 ||| qw: Game counter: 1623
     0 | D:1      | 0 ||| qw: Melee chars always use a shield: true
     0 | D:1      | 0 ||| qw: God list: Okawaru
     0 | D:1      | 0 ||| qw: Allow faded altars: false
     0 | D:1      | 0 ||| qw: Do Orc after clearing Dungeon:15 true
     0 | D:1      | 0 ||| qw: Do second Lair branch before Depths: true
     0 | D:1      | 0 ||| qw: Lair rune preference: random
     0 | D:1      | 0 ||| qw: Goals: Normal
     0 | D:1      | 0 ||| PLANNING D:1-11
   104 | D:1      | Found Patun's Weapon Emporium.
   139 | D:1      | Reached skill level 3 in Ranged Weapons
   144 | D:1      | Reached XP level 2. HP: 18/23 MP: 2/2
   557 | D:1      | 557 ||| UPGRADING to +0 leather armour.
   567 | D:1      | 567 ||| DROPPING +0 robe.
   568 | D:1      | 568 ||| READING 2 scrolls labelled LASUOTAOMU.
   569 | D:1      | 569 ||| READING scroll labelled TURRADU HOKI.
   570 | D:1      | 570 ||| DROPPING scroll of poison.
   606 | D:2      | 606 ||| STAIRDANCE
   609 | D:1      | HP: 5/24 [adder (2)]
   610 | D:1      | HP: 2/24 [poisoned by an adder]
   612 | D:1      | Succumbed to an adder's poison

Levels and vault maps discovered:
D:1:      dpeg_arrival_tiny_f, layout_rooms, serial_shops, shop
D:2:      layout_rooms

Skill      XL: |  1  2 |
---------------+-------+-----
Ranged Weapons | 3 |  3.0
Fighting       | 2 |  2.5
Dodging        | |  2.1
Spellcasting   | |  1.0
Hexes          | |  2.0

Action                     || total
---------------------------++-------
   Fire: Sling             ||    43
    Use: Scroll            ||     2
 Armour: Robe              ||     2
         Leather armour    ||     2
  Dodge: Dodged            ||    17

Table legend:
 A = Non-vault XP
 B = Vault XP
 C = Vault XP percentage of total XP
 D = Non-vault monster count
 E = Vault monster count
 F = Vault count percentage of total count
                 A         B        C        D         E       F
            +---------+---------+-------+---------+---------+-------
      Total |      33 |       0 |   0.0 |      14 |       0 |   0.0
            +---------+---------+-------+---------+---------+-------
        D:1 |      30 |       0 |   0.0 |      12 |       0 |   0.0
        D:2 |       3 |       0 |   0.0 |       2 |       0 |   0.0
            +---------+---------+-------+---------+---------+-------
